 Dungeon Crawl Stone Soup version 0.23.1 (webtiles) character file.

Game seed: 2727736131768937131

4434 Marnok the Cleaver (level 10, 0/83 HPs)
             Began as a Human Fighter on Mar 14, 2019.
             Was a Believer of Wu Jian.
             Killed by nerve-wracking pain
             ... invoked by an orc priest
              (7 damage)
             ... on level 9 of the Dungeon.
             The game lasted 00:40:22 (7260 turns).

Marnok the Cleaver (Human Fighter)                  Turns: 7260, Time: 00:40:22

Health: 0/83       AC:  9    Str: 20    XL:     10   Next: 63%
Magic:  19/19      EV: 11    Int:  8    God:    Wu Jian [**....]
Gold:   493        SH: 12    Dex: 15    Spells: 9/9 levels left

rFire    . . .     SeeInvis .   t - +4 hand axe
rCold    . . .     Gourm    .   c - +1 shield
rNeg     . . .     Faith    .   b - +0 scale mail
rPois    .         Spirit   .   (no helmet)
rElec    .         Reflect  .   p - +0 cloak
rCorr    .         Harm     .   (no gloves)
MR       .....                  (no boots)
Stlth    +.........             l - amulet of regeneration
HPRegen  0.63/turn              g - ring of magical power
MPRegen  0.16/turn              (no ring)

@: flying
A: talons 1, agile 1, robust 1, MP-powered wands
a: Wall Jump, Renounce Religion


You were on level 9 of the Dungeon.
You worshipped Wu Jian.
Wu Jian was pleased with you.
You were hungry.

You visited 1 branch of the dungeon, and saw 10 of its levels.

You collected 493 gold pieces.

Inventory:

Hand Weapons
 a - a +1 war axe
 e - a +0 vampiric dagger
 n - a +0 war axe
 o - a +1 falchion of protection
 s - a +3 falchion
 t - a +4 hand axe (weapon)
 u - a +4 spear
 w - a cursed -3 dagger
 y - a +3 shortbow
Missiles
 m - a throwing net (quivered)
Armour
 b - a +0 scale mail (worn)
 c - a +1 shield (worn)
 j - a +0 shield
 p - a +0 cloak (worn)
Jewellery
 g - a ring of magical power (left hand)
 l - an amulet of regeneration (around neck)
Wands
 i - a wand of paralysis (15)
Scrolls
 h - a scroll of identify
 k - a scroll of magic mapping
 x - a scroll of amnesia
Comestibles
 f - 13 rations
 r - 4 chunks of flesh


   Skills:
 + Level 6.0 Fighting
 + Level 9.7 Axes
 + Level 7.1 Armour
 + Level 4.5 Dodging
 + Level 1.5 Stealth
 + Level 6.7 Shields


You had 9 spell levels left.
You didn't know any spells.
Your spell library contained the following spells:

 Spells                   Type           Power        Failure   Level  Hunger
 Freeze                   Ice            #...         97%         1    ##.....
 Sting                    Conj/Pois      #...         97%         1    ##.....
 Poisonous Vapours        Pois/Air       #.....       99%         2    ###....
 Throw Frost              Conj/Ice       #.....       99%         2    ###....
 Mephitic Cloud           Conj/Pois/Air  #.......     100%        3    ####...
 Ozocubu's Armour         Chrm/Ice       #.......     100%        3    ####...
 Olgreb's Toxic Radiance  Pois           #.......     100%        4    #####..
 Summon Ice Beast         Ice/Summ       #.......     100%        4    #####..
 Throw Icicle             Conj/Ice       #.......     100%        4    #####..
 Venom Bolt               Conj/Pois      #.........   100%        5    ######.


Dungeon Overview and Level Annotations

Branches:
Dungeon (10/15)            Temple (0/1) D:7            Lair (0/6) D:10
    Orc: D:9-12

Altars:
Ashenzari
Cheibriados
Dithmenos
Gozag
Nemelex Xobeh
Sif Muna
Wu Jian

Shops:
D:7 *

Annotations:
D:2 Robin
D:4 Edmund
D:6 Dowan, Duvessa, Menkaure


Innate Abilities, Weirdness & Mutations

You have sharp toenails.
You are agile. (Dex +2)
You are robust. (+10% HP)
You expend magic power (3 MP) to strengthen your wands.


Message History

* * * LOW HITPOINT WARNING * * *
As you read the scroll labeled VIR YKUAVOLU, it crumbles to dust.
You feel blessed for a moment.
It was a scroll of remove curse.
You block the yak's attack.
As you read the scroll labeled DYOR PULY NAUS, it crumbles to dust.
Your +4 hand axe glows brilliant azure for a moment.
It was a scroll of random uselessness.
The yak gores you.
* * * LOW HITPOINT WARNING * * *
As you read the scroll labeled VYIPEDDENKY, it crumbles to dust.
It is a scroll of amnesia.
You feel forgetful for a moment.
The orc priest looks satisfied for a moment.
The yak gores you.
* * * LOW HITPOINT WARNING * * *
The orc priest calls down the wrath of Beogh upon you.
Beogh smites you!
* * * LOW HITPOINT WARNING * * *
The orc priest invokes the aid of Beogh against you.
Pain shoots through your body!
You die...

#.# #.# #.# #.# #..# #.#
#.# # #..## # #.# #.#
#... .# # #.#
##..######.#.# ###.#
#............## #...#
#.............. #.###
#......@...# #># #...
#.o..Y.....# #.# ..#
#Y#.......## #.# ###
#.##.....## #.#
#.###...## ..# ##### #
#o# ##.## ### ..Y.#.#
#Y# ##.########
###Y#.####)###.........#
......#......Y.........#


You could see 2 yaks and an orc priest.

Vanquished Creatures
  A centaur zombie (D:10)
  Grinder (D:5)
  A human (D:7)
  5 yaks
  3 hogs (D:7)
  2 hungry ghosts
  2 orc warriors (D:9)
  2 sky beasts
  2 black bears
  2 phantoms (D:5)
  A necrophage (D:8)
  2 centaurs
  2 big kobolds
  A gnoll sergeant (D:7)
  4 bullfrogs
  4 wights (D:8)
  A howler monkey (D:8)
  2 crimson imps
  A bullfrog zombie (D:7)
  An orc wizard (D:10)
  3 hounds
  A bullfrog skeleton (D:5)
  3 iguanas
  Natasha (D:4)
  7 worker ants
  A hound zombie (D:9)
  8 adders
  5 gnolls
  An ooze (D:3)
  An adder skeleton (D:2)
  A worm (D:1)
  2 dart slugs
  2 leopard geckos (D:6)
  7 orcs
  2 giant cockroaches
  13 goblins
  8 hobgoblins
  6 jackals
  3 quokkas
  7 bats
  7 frilled lizards
  17 kobolds
  A leopard gecko zombie (D:5)
  6 rats
153 creatures vanquished.

Notes
Turn   | Place    | Note
-------+----------+-------------------------------------------
     0 | D:1      | Marnok the Human Fighter began the quest for the Orb.
     0 | D:1      | Reached XP level 1. HP: 18/18 MP: 1/1
    89 | D:1      | Reached XP level 2. HP: 23/24 MP: 2/2
   513 | D:1      | Reached XP level 3. HP: 28/29 MP: 3/3
   813 | D:1      | Reached skill level 1 in Dodging
  1094 | D:2      | Reached XP level 4. HP: 26/35 MP: 4/4
  1262 | D:3      | Found a snail-covered altar of Cheibriados.
  1325 | D:2      | Noticed Robin
  1331 | D:2      | Reached skill level 3 in Axes
  1651 | D:3      | Found a shadowy altar of Dithmenos.
  1811 | D:3      | Reached XP level 5. HP: 41/41 MP: 5/5
  2243 | D:4      | Found a shattered altar of Ashenzari.
  2253 | D:4      | Found a shadowy altar of Dithmenos.
  2381 | D:4      | Noticed Natasha
  2387 | D:4      | Killed Natasha
  2560 | D:4      | Found an ornate altar of the Wu Jian Council.
  2570 | D:4      | Reached XP level 6. HP: 47/47 MP: 6/6
  2572 | D:4      | You fall through a shaft for 2 floors!
  2582 | D:5      | Entered Level 5 of the Dungeon
  2582 | D:5      | Noticed Edmund
  2600 | D:4      | Became a worshipper of the Wu Jian Council
  3165 | D:5      | Noticed a sky beast
  3500 | D:6      | Found a deep blue altar of Sif Muna.
  3556 | D:6      | Reached skill level 4 in Axes
  3817 | D:6      | Reached XP level 7. HP: 24/53 MP: 7/7
  4258 | D:6      | Reached skill level 5 in Axes
  4381 | D:7      | Found Gozag's Platinum Reserve.
  4381 | D:7      | Found an opulent altar of Gozag.
  4397 | D:6      | Noticed Duvessa
  4398 | D:6      | Noticed Dowan
  4427 | D:7      | Gained mutation: You have sharp toenails. [potion of
                  | mutation]
  4427 | D:7      | Gained mutation: You expend magic power (3 MP) to
                  | strengthen your wands. [potion of mutation]
  4427 | D:7      | Gained mutation: You are agile. (Dex +2) [potion of
                  | mutation]
  4427 | D:7      | Gained mutation: You are robust. (+10% HP) [potion of
                  | mutation]
  4431 | D:7      | Noticed a hungry ghost
  4726 | D:6      | Noticed Menkaure
  4763 | D:5      | Found a sparkling altar of Nemelex Xobeh.
  4816 | D:5      | Reached XP level 8. HP: 50/66 MP: 8/8
  5099 | D:5      | Noticed Grinder
  5108 | D:5      | Paralysed by Grinder for 3 turns
  5112 | D:5      | Killed Grinder
  5112 | D:5      | Reached skill level 6 in Axes
  5112 | D:5      | Reached skill level 5 in Armour
  5348 | D:7      | Reached skill level 5 in Shields
  5448 | D:7      | Reached XP level 9. HP: 72/72 MP: 9/9
  5454 | D:7      | Reached skill level 7 in Axes
  5582 | D:7      | Reached * piety under Wu Jian
  5749 | D:7      | Found a staircase to the Ecumenical Temple.
  5944 | D:7      | Reached skill level 5 in Fighting
  5944 | D:7      | Reached skill level 8 in Axes
  5970 | D:7      | Reached skill level 1 in Stealth
  6420 | D:8      | Reached XP level 10. HP: 44/81 MP: 10/10
  6595 | D:9      | Noticed a two-headed ogre
  6917 | D:10     | Entered Level 10 of the Dungeon
  6958 | D:10     | Reached skill level 9 in Axes
  6969 | D:10     | Reached ** piety under Wu Jian
  7048 | D:10     | Found a staircase to the Lair.
  7254 | D:9      | HP: 3/83 [orc priest/divine providence (9)]
  7260 | D:9      | Killed from afar by an orc priest

Skill      XL: |  1  2  3  4  5  6  7  8  9 10 |
---------------+-------------------------------+-----
Dodging        | 1 2 3 4 |  4.5
Axes           | 3 4 5 6 8 9 |  9.7
Armour         | 4 5 6 7 |  7.1
Shields        | 4 5 6 |  6.7
Fighting       | 4 5 6 |  6.0
Stealth        | 1 |  1.5

Action                   |  1- 3 |  4- 6 |  7- 9 | 10-12 || total
-------------------------+-------+-------+-------+-------++-------
Melee: War axe           |    87 |   194 |   260 |       ||   541
       Kick              |       |       |    75 |    55 ||   130
       Hand axe          |       |       |     9 |   159 ||   168
Invok: Lunge             |       |     2 |    15 |     8 ||    25
       Whirlwind         |       |       |     4 |     4 ||     8
  Use: Potion            |     2 |     6 |     4 |     1 ||    13
       Scroll            |       |     9 |     2 |     3 ||    14
  Eat: Chunk             |     1 |     5 |    11 |       ||    17
       Ration            |       |     1 |       |     1 ||     2
Armor: Scale mail        |    57 |    88 |    99 |    39 ||   283
       Skin              |       |    20 |       |       ||    20
Dodge: Dodged            |    33 |    72 |    97 |    41 ||   243
Block: Shield            |    70 |   143 |   168 |    69 ||   450
